 Dungeon Crawl Stone Soup version 0.30-a0-696-g2367cd04db (webtiles) character file.

Game seed: 2820171936965010616

12 testman the Digger (level 2, 0/20 HPs)
             Began as a Demonspawn Wanderer on Jan 20, 2023.
             Slain by a gnoll
             ... wielding a +0 club
              (3 damage)
             ... on level 1 of the Dungeon.
             The game lasted 00:03:22 (322 turns).

testman the Digger (Demonspawn Wanderer)             Turns: 322, Time: 00:03:23

Health: 0/20       AC:  2    Str: 11    XL:     2   Next: 20%
Magic:  3/4        EV: 11    Int: 14    God:
Gold:   30         SH:  0    Dex: 12    Spells: 0/3 levels left

rFire   . . .      SeeInvis .    a - +0 mace
rCold   . . .      Faith    .    (no shield)
rNeg    . . .      Spirit   .    e - +0 robe
rPois   .          Reflect  .    (no helmet)
rElec   .          Harm     .    (no cloak)
rCorr   .          Rampage  .    (no gloves)
Will    .....                    (no boots)
Stlth   ++                       (no amulet)
HPRegen 0.23/turn                (no ring)
MPRegen 0.09/turn                (no ring)

@: no status effects
A: powered by death 1
a: no special abilities


You were on level 1 of the Dungeon.
You visited 1 branch of the dungeon, and saw 1 of its levels.

You collected 30 gold pieces.

Inventory:

Hand Weapons
 a - a +0 mace (weapon)
 c - a +0 dagger
 h - a +0 dagger
Missiles
 b - 9 boomerangs
 f - 6 poisoned darts
Armour
 e - a +0 robe (worn)
Magical Staves
 i - a staff of death
Scrolls
 g - 2 scrolls of fear {unknown}
Potions
 d - a potion of heal wounds


   Skills:
 + Level 0.9 Fighting
 - Level 2.6 Maces & Flails
 - Level 1.7 Throwing
 - Level 1.0 Stealth
 + Level 1.4 Spellcasting
 + Level 0.0 Transmutations
 + Level 2.9 Earth Magic


You couldn't memorise any spells.
You knew the following spells:

 Your Spells              Type           Power      Damage    Failure   Level
a - Sandblast             Erth           18%        2d7       8%          1
b - Passwall              Tmut/Erth      4%         N/A       21%         2

Your spell library contained the following spells:

 Spells                   Type           Power      Damage    Failure   Level
 Leda's Liquefaction      Hex/Erth       2%         N/A       80%         4


Dungeon Overview and Level Annotations

Branches:
Dungeon (1/15)

Altars:


Innate Abilities, Weirdness & Mutations

You regenerate a little health from kills.


Message History

There is a fountain of sparkling water here.
Found a club.
There is a faded altar of an unknown god here.
This altar belongs to (a) Qazlal, (b) Jiyva or (c) Ru, but you can't tell which.
Press the corresponding letter to learn more about a god, or press enter to convert or escape to cancel.
Okay, then.
You are not religious.
You see here a +0 club.
A goblin comes into view. It is wielding a +0 dagger.
Found a stone staircase leading down.
The helpless goblin fails to defend itself.
You hit the goblin.
The goblin is moderately wounded.
The goblin hits you but does no damage. The goblin hits you with a +0 dagger.
You hit the goblin.
You kill the goblin!
No target in view!
Okay, then.
Memorise Passwall, consuming 2 spell levels and leaving 0?
You start memorising the spell.
You continue memorising. x2
You finish memorising.
Spell assigned to 'b'.
You see here a +0 dagger.
A gnoll comes into view. It is wielding a +0 club.
There is a stone staircase leading down here.
The gnoll hits you with a +0 club.
You hit the gnoll.
The gnoll is moderately wounded.
The gnoll hits you with a +0 club.
You hit the gnoll but do no damage.
The gnoll is moderately wounded.
The gnoll hits you with a +0 club!
* * * LOW HITPOINT WARNING * * *
The gnoll barely misses you.
You are too injured to fight recklessly!
Aiming: Sandblast (safe; 8% risk of failure)
Press: ? - help, Q - select action, (/) - cycle Shift-Dir - straight line, f - gnoll
Aim: a gnoll, wielding a +0 club (lightly wounded, 83% to hit)
The blast of sand hits the gnoll.
The gnoll is heavily wounded.
The gnoll hits you with a +0 club.
You die...

######### ........#
.######.# .# #.# ###
## #.#####..♣
#.......♣.
###.####♣.♣♣ #.#♣ ♣.g♣
#..♣♣ ♣@♣ ##### ##♣.♣
♣.♣ ###...# ♣.♣♣♣♣.♣
....#.# ♣..♣♣..♣####
......####♣♣♣.♣.♣>.).#
###......# ♣...♣.♣♣.#
#..###.♣ ♣.⌠.♣♣♣.♣#
#..# ♣..♣♣...♣)..♣
#..# ♣......).♣♣


You could see a gnoll.

Vanquished Creatures
  A ball python (D:1)
  An endoplasm (D:1)
  A giant cockroach (D:1)
  2 goblins (D:1)
  A hobgoblin (D:1)
  A kobold (D:1)
  A bat (D:1)
  3 frilled lizards (D:1)
11 creatures vanquished.

Notes
Turn   | Place    | Note
-------+----------+-------------------------------------------
     0 | D:1      | testman the Demonspawn Wanderer began the quest for the
                  | Orb.
     0 | D:1      | testman set off with the following items: a +0 mace, 9
                  | boomerangs, a +0 dagger, a potion of heal wounds, a +0
                  | robe; and the following spell memorised: Sandblast; and the
                  | following spells available to memorise: Passwall, Leda's
                  | Liquefaction.
     0 | D:1      | Reached XP level 1. HP: 13/13 MP: 2/2
   188 | D:1      | Gained mutation: You regenerate a little health from kills.
                  | [demonic ancestry]
   188 | D:1      | Reached XP level 2. HP: 12/20 MP: 2/4
   267 | D:1      | Found a faded altar of an unknown god.
   313 | D:1      | Learned a level 2 spell: Passwall
   322 | D:1      | Slain by a gnoll

Illustrated notes

Levels and vault maps discovered:
D:1:      amcnicky_arrival_abandoned_market, layout_loops_ring,
          shapermc_ecumenical_altar_totnotflames, minmay_indecisive_spiral

Action                   || total
-------------------------++-------
Melee: Mace              ||    22
Throw: Boomerang         ||     1
 Cast: Sandblast         ||     6
 Stab: Sleeping          ||     1
Armor: Robe              ||     7
Dodge: Dodged            ||    13

Table legend: (Time is in decaauts)
 A = Elapsed time spent in this place.
 B = Non-inter-level travel time spent in this place.
 C = Inter-level travel time spent in this place.
 D = Time resting spent in this place.
 E = Time spent auto-exploring this place.
 F = Levels seen in this place.
 G = Mean time per level.
                   A        B        C        D        E       F      G
               +--------+--------+--------+--------+--------+-----+--------+
         Total |    331 |    331 |      0 |      0 |    242 |   1 |  331.0 |
       Dungeon |    331 |    331 |      0 |      0 |    242 |   1 |  331.0 |
               +--------+--------+--------+--------+--------+-----+--------+

Top non-repeatable levels by time:
     D:1: 331 daAuts
